[Event "GER-ch Youth-U18w 2022"]
[Site "Willingen"]
[Date "2022.06.05"]
[Round "2.11"]
[White "Kieckbusch, Lotta"]
[Black "Gröschel, Karoline"]
[Result "0-1"]
[ECO "A45"]
[WhiteElo "1207"]
[BlackElo "1546"]
[Annotator "NA RC COMBH"]
[PlyCount "68"]
[EventDate "2022.06.05"]
[EventType "swiss"]
[EventRounds "9"]
[EventCountry "GER"]
[SourceTitle "playchess.com"]
[Source "ChessBase"]
[SourceQuality "1"]
[TimeControl "40/4500+30:900+30"]

1. d4 Nf6 2. g3 d5 3. Bg2 Bf5 4. Nf3 e6 5. O-O Bd6 6. c4 c6 7. b3 h6 8. Bb2 O-O 9. Nc3 Nbd7 10. Re1 Re8 11. Nd2 Bb4 12. e4 dxe4 13. Ndxe4 Qa5 14. Nxf6+ Nxf6 15. Re5 Qc7 16. h3 Rad8 17. Re3 Rd7 18. Qe2 Red8 19. Rd1 Qb6 20. Ne4 Bxe4 21. Bxe4 Bc5 22. dxc5 Rxd1+ 23. Kg2 Qxc5 24. Bxf6 gxf6 25. Qf3 f5 26. Bd5 Rd2 27. Bxe6 fxe6 28. Rxe6 R2d6 29. Re7 R8d7 30. Re8+ Kg7 31. Qf4 b5 32. Re5 Qd4 33. Qxf5 Rf7 34. Qg4+ Qxg4 0-1

[Event "GER-ch Youth-U18w 2022"]
[Site "Willingen"]
[Date "2022.06.06"]
[Round "3.1"]
[White "Goetten Wagner, Julia"]
[Black "Falke, Ornella"]
[Result "1/2-1/2"]
[ECO "B17"]
[WhiteElo "1631"]
[BlackElo "1844"]
[Annotator "NA RC COMBH"]
[PlyCount "97"]
[EventDate "2022.06.05"]
[EventType "swiss"]
[EventRounds "9"]
[EventCountry "GER"]
[SourceTitle "playchess.com"]
[Source "ChessBase"]
[SourceQuality "1"]
[TimeControl "40/4500+30:900+30"]

1. e4 c6 2. d4 d5 3. Nd2 dxe4 4. Nxe4 Nd7 5. Nf3 Ngf6 6. Nxf6+ Nxf6 7. Bd3 Bg4 8. c3 e6 9. h3 Bh5 10. g4 Bg6 11. Bf4 Nd5 12. Bg3 Bd6 13. Ne5 Bxd3 14. Nxd3 Bxg3 15. fxg3 Qg5 16. Qd2 h6 17. Qxg5 hxg5 18. O-O-O Ke7 19. Ne5 Rh6 20. h4 f6 21. Nf3 Rah8 $11 (21... Ne3 $5 ) 22. Rhe1 gxh4 23. gxh4 b5 24. Re4 Kd6 25. Rde1 f5 26. gxf5 exf5 27. Re5 Nf4 28. Kd2 Ng2 29. R1e2 Nxh4 30. Nxh4 Rxh4 31. Rxf5 Rh2 32. Rff2 Rxf2 33. Rxf2 g5 34. Rf6+ Kc7 35. Rf7+ Kb6 36. Rg7 Rh2+ 37. Kc1 Rg2 38. b4 g4 39. Kd1 Rg3 40. Kd2 Rg2+ 41. Ke3 Rg1 42. Rg6 Kc7 43. Rg7+ Kb6 44. Rg6 Rg3+ 45. Kd2 Rg2+ 46. Kd3 Rg3+ 47. Kd2 Rg2+ 48. Kd3 Rg3+ 49. Ke4 1/2-1/2

[Event "GER-ch Youth-U18w 2022"]
[Site "Willingen"]
[Date "2022.06.06"]
[Round "3.2"]
[White "Bardorz, Jana"]
[Black "Yue, Qizhou"]
[Result "1-0"]
[ECO "B47"]
[WhiteElo "1974"]
[BlackElo "1715"]
[Annotator "TA"]
[PlyCount "89"]
[EventDate "2022.06.05"]
[EventType "swiss"]
[EventRounds "9"]
[EventCountry "GER"]
[SourceTitle "playchess.com"]
[Source "ChessBase"]
[SourceQuality "1"]
[TimeControl "40/4500+30:900+30"]

1. e4 c5 2. Nf3 e6 3. d4 cxd4 4. Nxd4 Nc6 5. Nc3 Qc7 6. f4 a6 7. Nxc6 Qxc6 8. Bd3 Nf6 {[%emt 0:03:24] B47: Sicilian: Taimanov: 5 Nc3 Qc7 6 f4, 6 g3 and 6 Be2.} 9. Qe2 Bb4 10. Bd2 b5 {[%emt 0:08:43] White is slightly better.} 11. O-O-O Bb7 12. Rhe1 {[%emt 0:13:32] [#]} Rc8 $146 ({Predecessor:} 12... Be7 13. a3 b4 14. axb4 Bxb4 15. Kb1 O-O 16. g4 d5 17. e5 d4 18. Ne4 Nxe4 19. Bxe4 {1-0 (51) Souleidis,G (2430)-Woelk,T (2315) Hamburg 2022}) 13. g4 O-O 14. g5 Ne8 15. a3 Bc5 16. Qh5 f6 17. g6 (17. e5 $6 f5 $11) 17... hxg6 18. Qxg6 f5 19. Qg5 {[%emt 0:09:17][%cal Re4f5] White is more active.} Nd6 20. Be3 {[%emt 0:03:55] Inhibits Bf2.} ({White must play} 20. exf5 $1 $16 exf5 21. Be3 (21. Re7 Nf7 $14)) 20... Nxe4 21. Bxe4 Bxe3+ 22. Rxe3 fxe4 23. Rg1 (23. Rg3 $5 Rf7 24. Qh6 $11) 23... Rf7 24. Rh3 {[%emt 0:02:48][%mdl 1024] White has compensation.} (24. Reg3 $5 Qc5 25. Qh6 $11) 24... Qc5 {...Qxg5 is the strong threat.} 25. Qg3 ({But not} 25. Qg6 Qf5 26. Qxf5 Rxf5 $17) (25. Qg2 $1 $11 {keeps the balance.}) 25... Qf5 (25... a5 $1 $17 {Hoping for ...b4.} 26. Qg6 Qf2) 26. Rh4 $11 a5 {[%emt 0:00:54] [#]} (26... Kf8 $11) 27. Rg4 (27. Nd1 $1 $16) 27... Qf6 $2 (27... Kf8 $1 $11 {and Black is okay.}) 28. Nxb5 $18 Rc6 {[%emt 0:00:46] [#] Against Nd6} 29. c3 $2 ({White should play} 29. Kb1 $1 $18) 29... Ba6 $1 $11 30. Rg6 Qxf4+ 31. Qxf4 Rxf4 32. Rxg7+ Kf8 33. Nd4 Rd6 (33... Rf1+ $2 34. Rxf1+ Bxf1 35. Rg1 $18 (35. Nxc6 Kxg7 36. Nxa5 Kf7 $18) (35. Rxd7 Ra6 $16)) (33... Rb6 $1 $11) 34. Rxd7 $14 Rxd7 {[%emt 0:01:11] This move loses the game for Black.} ({Black should try} 34... Rb6 $1 $14) 35. Nxe6+ $18 Ke8 36. Nxf4 {[%emt 0:00:12][%mdl 4096] Endgame KRB-KRN} Rf7 37. Nd5 Bb7 38. c4 Rf2 (38... Bxd5 $16 {keeps fighting.} 39. cxd5 Kd7) 39. h4 Rh2 40. Rg4 Re2 $2 (40... Bxd5 41. cxd5 e3 42. Re4+ Kd7 43. Rxe3 Kd6) 41. h5 {[%emt 0:00:00] aiming for Rh4.} Kf8 42. h6 Rh2 43. Rf4+ Kg8 (43... Ke8 $142 44. Rxe4+ Kd8) 44. Nf6+ Kh8 45. Rg4 {[%emt 0:00:00] Weighted Error Value: White=0.30/Black=0.56} 1-0

[Event "GER-ch Youth-U18w 2022"]
[Site "Willingen"]
[Date "2022.06.06"]
[Round "3.3"]
[White "Rudolph, Eva"]
[Black "Albayrak, Nese Pinar"]
[Result "1-0"]
[ECO "B01"]
[WhiteElo "1860"]
[BlackElo "1683"]
[Annotator "NA RC COMBH"]
[PlyCount "149"]
[EventDate "2022.06.05"]
[EventType "swiss"]
[EventRounds "9"]
[EventCountry "GER"]
[SourceTitle "playchess.com"]
[Source "ChessBase"]
[SourceQuality "1"]
[TimeControl "40/4500+30:900+30"]

1. e4 d5 2. exd5 Qxd5 3. Nc3 Qd6 4. d4 Nf6 5. Bd3 a6 6. a4 e6 7. Nf3 Be7 8. O-O O-O 9. Ne5 Kh8 10. Ne2 Nh5 11. c3 Nd7 12. Nf4 Nhf6 13. Re1 c5 14. Nc4 Qc6 15. Ne5 Qd6 16. Nc4 Qc6 17. a5 cxd4 18. cxd4 b5 19. axb6 Nxb6 20. Ne5 Qd6 21. Bc2 Bb7 22. Nh5 Qd5 23. Nf4 Qd6 24. Be3 Rac8 25. Nfd3 Nc4 26. Nxc4 Rxc4 27. Ne5 Qd5 28. f3 Rc7 29. Bf2 Bd6 30. Bb3 Qb5 31. Re2 Rd8 32. Ba4 Qd5 33. Bb3 Qb5 34. Ba4 Qd5 35. Qe1 a5 36. Rc1 Bb4 37. Qd1 Rdc8 38. Rec2 Qd6 39. Nxf7+ Rxf7 40. Rxc8+ Bxc8 41. Rxc8+ Rf8 42. Qc2 Nd5 43. Bg3 Nf4 44. Rxf8+ Qxf8 45. Qe4 Bd6 46. Bc2 g6 47. Bb3 Qf5 {[%emt 0:00:00] [#]} 48. Bxe6 $1 Qxe4 49. fxe4 Ne2+ 50. Kf2 Nxg3 51. hxg3 Kg7 52. e5 Bb4 53. Ke3 h6 54. Ke4 Kf8 55. g4 Ke7 56. Bc4 Bd2 57. d5 Bc1 58. b3 Bb2 59. d6+ Kd8 60. Kd5 Ke8 61. Bb5+ Kd8 62. e6 Bf6 63. Kc6 Bg5 64. e7+ Bxe7 65. dxe7+ Kxe7 66. Kb6 Kd8 67. Kxa5 Kc7 68. Be8 g5 69. b4 Kb7 70. b5 Kc7 71. Ka6 Kb8 72. b6 Ka8 73. b7+ Kb8 74. Bg6 Kc7 75. Ka7 1-0

[Event "GER-ch Youth-U18w 2022"]
[Site "Willingen"]
[Date "2022.06.06"]
[Round "3.4"]
[White "Kroemer, Paulina"]
[Black "Orlova, Alicia"]
[Result "1/2-1/2"]
[ECO "D15"]
[WhiteElo "1583"]
[BlackElo "1724"]
[Annotator "NA RC COMBH"]
[PlyCount "80"]
[EventDate "2022.06.05"]
[EventType "swiss"]
[EventRounds "9"]
[EventCountry "GER"]
[SourceTitle "playchess.com"]
[Source "ChessBase"]
[SourceQuality "1"]
[TimeControl "40/4500+30:900+30"]

1. d4 d5 2. Nf3 Nf6 3. c4 c6 4. Nc3 Bf5 5. e3 h6 6. Be2 e6 7. cxd5 exd5 8. O-O Bd6 9. Bd2 Nbd7 10. Rc1 g5 11. Be1 g4 12. Nh4 Be6 13. f4 gxf3 14. Bxf3 a6 15. e4 dxe4 16. Nxe4 Nxe4 17. Bxe4 Qg5 18. Qd2 Nf6 19. Qxg5 hxg5 20. Rxf6 gxh4 21. Bc3 Ke7 22. d5 cxd5 23. Rxe6+ fxe6 24. Bxh8 Rxh8 25. Bf3 Rd8 26. h3 Bf4 27. Rc3 Kd6 28. Kf2 e5 29. Bxd5 Rf8 30. Bxb7 Bg3+ 31. Ke3 Rf2 32. Rc6+ Kd7 33. Rxa6 Rxb2 34. Bf3 Rb4 35. a4 Bf4+ 36. Kd3 Rd4+ 37. Kc3 Bd2+ 38. Kc2 Bf4 39. Kc3 Bd2+ 40. Kc2 Bf4 1/2-1/2

[Event "GER-ch Youth-U18w 2022"]
[Site "Willingen"]
[Date "2022.06.06"]
[Round "3.5"]
[White "Dartmann Aubanell, Catriona"]
[Black "Heutling, Elina"]
[Result "0-1"]
[ECO "B52"]
[WhiteElo "1874"]
[BlackElo "1798"]
[Annotator "NA RC COMBH"]
[PlyCount "86"]
[EventDate "2022.06.05"]
[EventType "swiss"]
[EventRounds "9"]
[EventCountry "GER"]
[SourceTitle "playchess.com"]
[Source "ChessBase"]
[SourceQuality "1"]
[TimeControl "40/4500+30:900+30"]

1. e4 c5 2. Nf3 d6 3. Bb5+ Bd7 4. Bxd7+ Qxd7 5. O-O Nf6 6. Re1 Nc6 7. c3 e6 8. d4 cxd4 9. cxd4 d5 10. e5 Ne4 11. Nbd2 Nxd2 12. Bxd2 Be7 13. Rc1 O-O 14. Rc3 Rfc8 15. a3 Bd8 16. Rd3 Ne7 17. h4 Nf5 $11 18. h5 h6 19. Kh1 Kh7 20. Rg1 g5 21. hxg6+ fxg6 22. g4 Nh4 23. Nxh4 Bxh4 24. g5 hxg5 25. Bxg5 Bxg5 26. Rxg5 Rh8 27. Qg4 Kg7+ 28. Kg2 Rh6 29. Rg3 Qe8 30. Qf4 Qe7 31. Qg4 Qe8 32. Rf3 Rc8 33. Rf6 Rc6 34. b4 b5 35. Qf3 Rc7 36. Qd3 a6 37. a4 Kh7 38. axb5 axb5 39. f4 Qc8 40. Kf2 Rh2+ 41. Kg1 Rh6 42. Rfxg6 Rc1+ 43. Kf2 Qc2+ 0-1

[Event "GER-ch Youth-U18w 2022"]
[Site "Willingen"]
[Date "2022.06.06"]
[Round "3.6"]
[White "Gröschel, Karoline"]
[Black "Basovskiy, Jana"]
[Result "1-0"]
[ECO "B19"]
[WhiteElo "1546"]
[BlackElo "1938"]
[Annotator "TA"]
[PlyCount "57"]
[EventDate "2022.06.05"]
[EventType "swiss"]
[EventRounds "9"]
[EventCountry "GER"]
[SourceTitle "playchess.com"]
[Source "ChessBase"]
[SourceQuality "1"]
[TimeControl "40/4500+30:900+30"]

1. e4 c6 2. d4 d5 3. Nc3 dxe4 4. Nxe4 Bf5 5. Ng3 Bg6 6. h4 h6 7. Nf3 Nd7 8. h5 Bh7 9. Bd3 Bxd3 10. Qxd3 e6 11. Bd2 Ngf6 12. O-O-O Be7 13. Ne4 Nxe4 14. Qxe4 Nf6 {[%emt 0:00:00] B19: Classical Caro-Kann: 4...Bf5 main line.} 15. Qe2 Qc7 16. Kb1 O-O {[%emt 0:06:44] White is slightly better.} 17. Ne5 {[%emt 0:04:25] [#]} (17. g4 $16) 17... Bd6 $146 {[%emt 0:08:07] [#]} (17... Rfd8 $11 {keeps the balance.}) ({Predecessor:} 17... Rfd8 18. Be3 b5 19. g4 Nd5 20. f4 Bf6 21. Bc1 a5 22. g5 Bxe5 23. fxe5 hxg5 24. Bxg5 Rd7 25. Qg4 a4 26. Bf6 Nxf6 27. exf6 {1-0 (27) Baerthel,K (1765)-Amann,A (1679) Sachsen-Anhalt 2018}) 18. g4 $1 $16 {[%emt 0:09:01] Rdg1 is the strong threat. White is more active.} Nh7 {[%emt 0:17:45] [#]} (18... c5 $16 {was necessary.}) 19. f4 $1 $18 Rfe8 20. g5 hxg5 $2 (20... Bxe5 21. dxe5 (21. Qxe5 Qxe5 22. dxe5 hxg5 $14) 21... Kh8) 21. fxg5 Bxe5 22. dxe5 ({Not} 22. Qxe5 Qxe5 23. dxe5 Rad8 $14) 22... g6 23. hxg6 fxg6 24. Rh6 Kg7 25. Rdh1 Nf8 26. Qh2 {[%emt 0:00:23] White mates.} Rac8 {[%emt 0:13:24] [#]} 27. Rh7+ $1 Nxh7 28. Qxh7+ Kf8 29. Rf1+ {[%emt 0:00:11] Black did not feel at home in the position after the opening.  Weighted Error Value: White=0.10 (very precise) /Black=1.16} 1-0

[Event "GER-ch Youth-U18w 2022"]
[Site "Willingen"]
[Date "2022.06.06"]
[Round "3.7"]
[White "Schneider, Katharina"]
[Black "Cheredzhiyska, Iva"]
[Result "1/2-1/2"]
[ECO "C54"]
[WhiteElo "1810"]
[BlackElo "1696"]
[Annotator "NA RC COMBH"]
[PlyCount "107"]
[EventDate "2022.06.05"]
[EventType "swiss"]
[EventRounds "9"]
[EventCountry "GER"]
[SourceTitle "playchess.com"]
[Source "ChessBase"]
[SourceQuality "1"]
[TimeControl "40/4500+30:900+30"]

1. e4 e5 2. Nf3 Nc6 3. Bc4 Bc5 4. c3 Nf6 5. d4 exd4 6. cxd4 Bb4+ 7. Nc3 Nxe4 8. O-O Bxc3 9. d5 Ne5 10. Qe2 Nxc4 11. Qxe4+ Kf8 12. bxc3 Nd6 13. Ba3 Qf6 14. Rfe1 g6 15. Qc4 Kg7 16. Qxc7 Nb5 17. Qc5 Nxa3 18. Qxa3 d6 19. Re3 h5 20. Nd4 h4 21. Nb5 Rd8 22. Nc7 Rb8 23. Ne8+ Rxe8 24. Rxe8 h3 25. Re3 a6 26. Qb3 Bf5 27. Rae1 Qg5 28. g3 b5 29. Qb4 Qf6 30. g4 Bd7 31. Rxh3 Rc8 32. Ree3 Rc4 33. Qa3 Bxg4 34. Rhg3 Rf4 35. Qb2 Qf5 36. c4+ Qf6 37. Qxf6+ Kxf6 38. cxb5 axb5 39. Kg2 Bf5 40. Rb3 Be4+ 41. f3 Bxd5 42. Rxb5 Bxa2 43. Rg4 Rf5 44. Rxf5+ Kxf5 45. Kf2 Be6 46. Ke3 Ke5 47. Rg5+ Kf6 48. f4 Bf5 49. Kd4 Be6 50. h4 Ke7 51. Ke4 Kf6 52. Kd4 Ke7 53. Ra5 Kf6 54. Rg5 1/2-1/2

[Event "GER-ch Youth-U18w 2022"]
[Site "Willingen"]
[Date "2022.06.06"]
[Round "3.8"]
[White "Dietz, Kristin"]
[Black "Sokyrko, Sofiia"]
[Result "1-0"]
[ECO "C40"]
[WhiteElo "1707"]
[BlackElo "1368"]
[Annotator "NA RC COMBH"]
[PlyCount "57"]
[EventDate "2022.06.05"]
[EventType "swiss"]
[EventRounds "9"]
[EventCountry "GER"]
[SourceTitle "playchess.com"]
[Source "ChessBase"]
[SourceQuality "1"]
[TimeControl "40/4500+30:900+30"]

1. e4 e5 2. Nf3 d5 3. exd5 e4 4. Qe2 Nf6 5. Nc3 Be7 6. Nxe4 O-O 7. d3 Qxd5 8. Nc3 Bb4 9. Qd1 Bg4 10. Be2 Bxf3 11. Bxf3 Qe5+ 12. Be2 Bxc3+ 13. bxc3 Qxc3+ 14. Bd2 Qc6 15. O-O Qd6 16. Rb1 b6 17. Bf3 Nc6 18. Bc3 Nd5 19. Qd2 Rad8 20. Bb2 Ne5 21. Bxd5 Qxd5 22. Qc3 f6 23. Qxc7 Rd7 24. Qc3 Qxa2 25. Ba3 Qd5 26. Bxf8 Nf3+ 27. gxf3 Qxf3 28. Qc4+ Rd5 29. Rb5 1-0

[Event "GER-ch Youth-U18w 2022"]
[Site "Willingen"]
[Date "2022.06.06"]
[Round "3.9"]
[White "Berghold, Lotta"]
[Black "Kosak, Karolina"]
[Result "1-0"]
[ECO "D05"]
[WhiteElo "1482"]
[BlackElo "1471"]
[Annotator "NA RC COMBH"]
[PlyCount "35"]
[EventDate "2022.06.05"]
[EventType "swiss"]
[EventRounds "9"]
[EventCountry "GER"]
[SourceTitle "playchess.com"]
[Source "ChessBase"]
[SourceQuality "1"]
[TimeControl "40/4500+30:900+30"]

1. d4 d5 2. Nf3 Nf6 3. e3 e6 4. Bd3 Be7 5. b3 O-O 6. O-O c5 7. Bb2 Nc6 8. a3 b6 9. Nbd2 h6 10. Qe2 Bb7 11. Rad1 Qc7 12. dxc5 bxc5 13. e4 Rfe8 14. Rfe1 Rad8 15. h3 Bc8 16. exd5 exd5 17. Bxf6 Bxf6 18. Qxe8+ 1-0

[Event "GER-ch Youth-U18w 2022"]
[Site "Willingen"]
[Date "2022.06.06"]
[Round "3.10"]
[White "Mueller, Sophie Charlotte"]
[Black "Wilmink, Anna"]
[Result "0-1"]
[ECO "A45"]
[WhiteElo "1509"]
[BlackElo "1700"]
[Annotator "NA RC COMBH"]
[PlyCount "106"]
[EventDate "2022.06.05"]
[EventType "swiss"]
[EventRounds "9"]
[EventCountry "GER"]
[SourceTitle "playchess.com"]
[Source "ChessBase"]
[SourceQuality "1"]
[TimeControl "40/4500+30:900+30"]

1. d4 Nf6 2. Bg5 d5 3. e3 c5 4. Nc3 e6 5. Nf3 Nc6 6. Be2 Be7 7. O-O O-O 8. a3 h6 9. Bh4 a6 10. dxc5 Bxc5 11. Bd3 Be7 12. b4 b5 13. Rc1 Bb7 14. Nd4 Qc7 15. Bg3 Qc8 16. f3 Nxd4 17. exd4 Qxc3 18. Bf2 Bd8 19. Ra1 Bb6 20. Kh1 Kh8 21. Be2 Rac8 22. Ra2 Ne8 23. Qd3 Nd6 24. Rc1 Qxd3 25. Bxd3 Rc3 26. Be1 Rc6 27. Bf2 Rfc8 28. a4 Rc3 29. Bf1 bxa4 30. Be1 R3c6 31. Bf2 Nb5 32. h3 e5 33. c4 Bxd4 34. Bxd4 Nxd4 35. c5 a5 36. bxa5 Rxc5 37. Rxc5 Rxc5 38. Rxa4 Rc1 39. a6 Rxf1+ 40. Kh2 Bxa6 41. Rxa6 Nf5 42. Ra5 Ne3 43. Kg3 f6 44. Ra8+ Kh7 45. Ra4 d4 46. Ra3 Kg6 47. h4 Kh5 48. Rb3 Nf5+ 49. Kh2 Kxh4 50. f4 Rxf4 51. g3+ Nxg3 52. Rxg3 Rf2+ 53. Rg2 Rxg2+ 0-1

[Event "GER-ch Youth-U18w 2022"]
[Site "Willingen"]
[Date "2022.06.06"]
[Round "3.11"]
[White "Kieckbusch, Lotta"]
[Black "Jacoby, Angelina"]
[Result "0-1"]
[ECO "B01"]
[WhiteElo "1207"]
[BlackElo "1535"]
[Annotator "NA RC COMBH"]
[PlyCount "102"]
[EventDate "2022.06.05"]
[EventType "swiss"]
[EventRounds "9"]
[EventCountry "GER"]
[SourceTitle "playchess.com"]
[Source "ChessBase"]
[SourceQuality "1"]
[TimeControl "40/4500+30:900+30"]

1. e4 d5 2. exd5 Qxd5 3. Nc3 Qd8 4. d4 Nf6 5. Nf3 Bg4 6. h3 Bxf3 7. Qxf3 c6 8. Be3 e6 9. Bd3 Nbd7 10. O-O-O Bb4 11. Ne4 Nxe4 12. Qxe4 Nf6 13. Qf3 Qd5 14. c3 Bd6 15. Bb1 Qxf3 16. gxf3 O-O-O 17. Rhg1 g6 18. Bg5 Be7 19. Rde1 Nd5 20. Bd2 Bd6 21. c4 Nf4 22. h4 Nh5 23. Re4 Be7 24. Rd1 Rd7 25. Bc3 Rhd8 26. Bc2 Bf6 27. Ba4 Rd6 28. Bb3 Ng7 29. c5 R6d7 30. Ba5 Re8 31. Bc4 Rg8 32. Bb3 Nf5 33. Bc3 Bg7 34. Ba4 Kc7 35. Ba5+ b6 36. cxb6+ axb6 37. Bc3 Rgd8 38. d5 exd5 39. Be5+ Bxe5 40. Rxe5 Re7 41. Rxe7+ Nxe7 42. Rd4 Nf5 43. Rf4 Kd6 44. Bc2 Ke5 45. Rb4 b5 46. Kd2 h5 47. Ke2 Nd4+ 48. Kd2 c5 49. Rxd4 Kxd4 50. Bd3 b4 51. Be2 Ra8 0-1

[Event "GER-ch Youth-U18w 2022"]
[Site "Willingen"]
[Date "2022.06.07"]
[Round "4.1"]
[White "Falke, Ornella"]
[Black "Bardorz, Jana"]
[Result "0-1"]
[ECO "D35"]
[WhiteElo "1844"]
[BlackElo "1974"]
[Annotator "TA"]
[PlyCount "104"]
[EventDate "2022.06.05"]
[EventType "swiss"]
[EventRounds "9"]
[EventCountry "GER"]
[SourceTitle "playchess.com"]
[Source "ChessBase"]
[SourceQuality "1"]
[TimeControl "40/4500+30:900+30"]

1. d4 d5 2. c4 e6 3. Nc3 Nf6 4. cxd5 exd5 5. Bg5 Be7 6. Qc2 O-O 7. e3 h6 {[%emt 0:00:00] D35: Queen's Gambit Declined: Exchange Variation.} 8. Bf4 c5 9. Nf3 Nc6 {[%emt 0:02:01] The position is equal.} 10. Be2 c4 {[%emt 0:07:05] [#]} 11. a3 $146 ({Predecessor:} 11. O-O Bg4 12. Ne5 Bxe2 13. Qxe2 Re8 14. Ng4 Bd6 15. Nxf6+ Qxf6 16. Nxd5 Qe6 17. Qf3 {½-½ (34) Recoulat,E (2201)-Banos,O (2340) Trenque Lauquen 2000}) 11... a6 12. O-O Re8 13. Rad1 Bd6 14. Ne5 Qc7 15. Bg3 b5 16. Bh4 Nxe5 17. dxe5 Bxe5 18. f4 (18. Bxf6 $11 {remains equal.} Bxf6 19. Nxd5) 18... Bxc3 $17 19. Qxc3 Ne4 20. Qd4 Bb7 21. f5 Qc5 (21... f6 $19 22. Be1 Re5) 22. Bf3 Qxd4 23. exd4 Nd6 {[%emt 0:06:19][%cal Be4d6,Bd6f5,Bf5g3,Bg3f1][%mdl 32] Black is more active.} 24. f6 g5 25. Bg3 {[%emt 0:01:43] [#]} Nf5 26. Bxd5 Nxg3 ({Stronger than} 26... Bxd5 27. Rxf5 Rad8 28. Re5 $11) 27. Bxb7 Nxf1 28. Bxa8 Rxa8 (28... Ne3 $17 29. Re1 Rxa8 30. Rxe3 Kh7) 29. Kxf1 {[%emt 0:00:09][%mdl 4096] Endgame KR-KR} Kh7 30. Ke2 Kg6 31. g4 (31. Kd2 $1 $15) 31... Kxf6 $19 32. Rf1+ Ke6 (32... Kg6 $19 33. Kf3 Re8) 33. Rf5 $17 f6 34. Kf3 (34. Rc5 $17) 34... Rc8 {[%emt 0:02:00] And now ...c3 would win.} 35. Ke4 c3 (35... Re8 $17 {Strongly threatening ...Kf7+.} 36. a4 Kf7+ 37. Kf3 bxa4) 36. bxc3 $1 $11 Rxc3 37. d5+ $2 (37. a4 $1 $11 {and White has nothing to worry.}) 37... Ke7 $19 38. d6+ Ke6 ({Not} 38... Kxd6 39. Rxf6+ Kc5 40. Rxa6 $15) 39. d7 Kxd7 40. Rxf6 Rxa3 41. Rxh6 b4 42. Rg6 $2 (42. h4) 42... Ra5 (42... b3 $142 {White must now prevent ...Ra4+.} 43. Kd4 a5) 43. Rb6 {[%emt 0:00:00] [#]} Ra4 {[%emt 0:06:18] Hoping for ...Kc7.} 44. Kd3 $2 (44. Kd4 {was forced.}) 44... a5 45. Rb5 Ra2 $2 (45... Ra3+ $19 46. Kc2 Kc6 47. Rxg5 a4) 46. Rxg5 $2 (46. Kc4 $1 $11) 46... a4 {[%emt 0:01:08] Threatens to win with ...b3.} ({And not} 46... Rxh2 47. Rxa5 Rg2 48. g5 $11) 47. Kc4 (47. Rg7+ $19 Ke6 48. Rg6+ Kf7 49. Rb6) 47... b3 48. Rd5+ Ke6 49. Rb5 b2 {[%emt 0:00:27] ( -> ...a3)} 50. Kc3 a3 {[%emt 0:00:05] Black mates.} 51. g5 Ra1 52. Kc2 Rc1+ {[%emt 0:00:07] Weighted Error Value: White=0.77/Black=0.32} 0-1

[Event "GER-ch Youth-U18w 2022"]
[Site "Willingen"]
[Date "2022.06.07"]
[Round "4.2"]
[White "Rudolph, Eva"]
[Black "Goetten Wagner, Julia"]
[Result "1-0"]
[ECO "C45"]
[WhiteElo "1860"]
[BlackElo "1631"]
[Annotator "NA COMBH RC"]
[PlyCount "59"]
[EventDate "2022.06.05"]
[EventType "swiss"]
[EventRounds "9"]
[EventCountry "GER"]
[SourceTitle "playchess.com"]
[Source "ChessBase"]
[SourceQuality "1"]
[TimeControl "40/4500+30:900+30"]

1. e4 e5 2. Nf3 Nc6 3. d4 exd4 4. Nxd4 Bc5 5. Nb3 Bb6 6. Nc3 Nf6 7. Qe2 O-O 8. Bg5 Nd4 9. Qd2 Nxb3 10. axb3 Re8 11. f3 h6 12. Be3 Bxe3 13. Qxe3 b6 14. O-O-O Bb7 15. Qd2 c6 16. Kb1 b5 17. g4 a6 (17... d5 $16) 18. h4 d5 (18... h5 $18) 19. g5 d4 20. Ne2 hxg5 21. hxg5 Nh7 22. f4 g6 23. Nxd4 c5 24. Qh2 cxd4 25. Qxh7+ Kf8 26. Qh8+ Ke7 $18 27. Qf6+ Kd7 28. Rxd4+ Kc8 29. Rxd8+ Rxd8 {[%emt 0:00:12] 20.00} 30. Bd3 1-0

[Event "GER-ch Youth-U18w 2022"]
[Site "Willingen"]
[Date "2022.06.07"]
[Round "4.3"]
[White "Heutling, Elina"]
[Black "Gröschel, Karoline"]
[Result "1-0"]
[ECO "B43"]
[WhiteElo "1798"]
[BlackElo "1546"]
[Annotator "NA RC COMBH"]
[PlyCount "103"]
[EventDate "2022.06.05"]
[EventType "swiss"]
[EventRounds "9"]
[EventCountry "GER"]
[SourceTitle "playchess.com"]
[Source "ChessBase"]
[SourceQuality "1"]
[TimeControl "40/4500+30:900+30"]

1. e4 c5 2. Nf3 e6 3. d4 cxd4 4. Nxd4 a6 5. Nc3 Qc7 6. Bd3 Nf6 7. f4 Bb4 8. Bd2 Bxc3 9. Bxc3 Qxf4 10. Qe2 O-O 11. Nf3 d5 12. e5 Ne4 13. Bd4 Nc6 14. Be3 Qf5 15. Bc5 Rd8 16. Bd6 Qg4 17. Bxe4 dxe4 18. Nd4 Qxe2+ 19. Nxe2 f5 20. O-O-O Rd7 21. Nc3 b5 22. a4 bxa4 23. Nxa4 Rb7 24. Nc3 Bd7 25. b3 Nd8 26. Rd4 Nf7 27. Rhd1 Rc8 28. Kb2 Rc6 29. Ne2 Nxd6 30. Rxd6 Rxd6 31. Rxd6 a5 32. Kc1 Kf7 33. Nd4 Rc7 34. Kd2 Ke7 35. Ra6 Rc5 36. Ra7 Kd8 37. Ra8+ Ke7 38. Ra7 Rd5 39. Ke3 Kd8 40. Ra8+ Ke7 41. Ra7 Kd8 42. c4 Rxe5 43. Ne2 Rc5 44. Kd4 Rc7 45. Rxa5 Rb7 46. Kc3 Kc7 47. b4 Kd6 48. c5+ Kd5 49. Nf4+ Kc6 50. Kc4 e5 51. Nd5 Rb8 52. Ra7 1-0

[Event "GER-ch Youth-U18w 2022"]
[Site "Willingen"]
[Date "2022.06.07"]
[Round "4.4"]
[White "Orlova, Alicia"]
[Black "Dietz, Kristin"]
[Result "0-1"]
[ECO "B26"]
[WhiteElo "1724"]
[BlackElo "1707"]
[Annotator "NA RC COMBH"]
[PlyCount "60"]
[EventDate "2022.06.05"]
[EventType "swiss"]
[EventRounds "9"]
[EventCountry "GER"]
[SourceTitle "playchess.com"]
[Source "ChessBase"]
[SourceQuality "1"]
[TimeControl "40/4500+30:900+30"]

1. e4 c5 2. Nc3 Nc6 3. g3 g6 4. Bg2 Bg7 5. d3 d6 6. Be3 e5 7. Qd2 Nge7 8. Bh6 O-O 9. h4 Bxh6 10. Qxh6 f6 11. Nge2 Nd4 12. Qd2 Bg4 13. Nxd4 cxd4 14. Nd1 Bxd1 15. Rxd1 Rc8 16. f4 Qc7 17. Rc1 d5 18. Bh3 f5 19. exf5 Nxf5 20. Bxf5 Rxf5 21. O-O Rcf8 22. Qe2 exf4 23. g4 Re5 24. Qf3 Qe7 25. g5 Qe6 26. Rf2 Re3 27. Qh1 Rh3 28. Rh2 Qe3+ 29. Kg2 Rg3+ 30. Kf1 Qxc1+ 0-1